[Event "Titled Tuesday Blitz April 11 Early 2023"]
[White "Anton Guijarro, David"]
[Black "Paravyan, David"]
[WhiteFideId "2285525"]
[BlackFideId "4194985"]
[WhiteElo "2618"]
[BlackElo "2563"]
[Result "1/2-1/2"]
[Round "06"]
[TimeControl "180+2"]
[Date "2023.04.11"]
[WhiteClock "0:00:04"]
[BlackClock "0:00:04"]

1. d4 Nf6 2. Nf3 d5 3. e3 c5 4. Be2 Nc6 5. O-O Bg4 6. h3 Bxf3 7. Bxf3 e6 8. c3 Qc7 9. Nd2 Rd8 10. Qe2 Be7 11. g3 O-O 12. dxc5 Bxc5 13. Bg2 a6 14. b4 Ba7 15. Bb2 e5 16. a3 d4 17. cxd4 exd4 18. exd4 Bxd4 19. Nb3 Rfe8 20. Qc2 Bxb2 21. Qxb2 Ne5 22. Nc5 b6 23. Nxa6 Qc4 24. b5 Nd3 25. Qb1 Re2 26. Nb4 g6 27. Nxd3 Rxd3 28. Qb4 Qxb4 29. axb4 Rb3 30. Ra6 Nd7 31. Rd1 Ne5 32. Rxb6 Rxb4 33. Rb8+ Kg7 34. b6 Rbb2 35. Rf1 Nc4 36. b7 Nd6 37. h4 h5 38. Bf3 Re7 39. Rd1 Nxb7 40. Kg2 Rb5 41. Rd2 Nd6 42. Rxb5 Nxb5 43. Rd5 Nc7 44. Rc5 Ne8 45. Rc4 Nf6 46. Rf4 Nd7 47. Rd4 Ne5 48. Rf4 Rc7 49. Re4 Nd3 50. Re3 Nb4 51. Re4 Nc2 52. Be2 f5 53. Re5 Kf6 54. Re8 Nd4 55. Bf1 Rc2 56. Rd8 Ne6 57. Rd6 Ke7 58. Ra6 Nc5 59. Rxg6 Ne4 60. Bd3 Rxf2+ 61. Kg1 Rf3 62. Be2 Rxg3+ 63. Rxg3 Nxg3 64. Bf3 Kf6 65. Kg2 f4 66. Bd1 Ke5 67. Ba4 Nf5 68. Be8 Ng7 69. Bg6 Kf6 70. Be4 Nf5 71. Kh3 Ke5 72. Bf3 Ng3 73. Kg2 Kd4 74. Kf2 Kd3 75. Bd1 Ke4 76. Bf3+ Ke5 77. Bd1 Ne4+ 78. Kg2 Nf6 79. Kf3 Ng4 80. Ba4 Nf6 81. Bb5 Kf5 82. Bd3+ Ke5 83. Bg6 Ng4 84. Bxh5 Nh6 85. Bg6 Nf5 86. h5 Nh4+ 87. Kg4 Nxg6 88. hxg6 Kf6 89. Kxf4 Kxg6 1/2-1/2


[Site "https://www.chess.com"]

[Event "Titled Tuesday Blitz April 11 Early 2023"]
[White "Vidit, Santosh Gujrathi"]
[Black "Drygalov, Andrey"]
[WhiteFideId "5029465"]
[BlackFideId "24171735"]
[WhiteElo "2651"]
[BlackElo "2466"]
[Result "1-0"]
[Round "06"]
[TimeControl "180+2"]
[Date "2023.04.11"]
[WhiteClock "0:00:12"]
[BlackClock "0:00:03"]

1. e4 c5 2. Nf3 d6 3. d4 cxd4 4. Nxd4 Nf6 5. Nc3 a6 6. Bg5 e6 7. Be2 h6 8. Be3 Nbd7 9. f4 Qc7 10. a4 b6 11. Bf3 Bb7 12. Qe2 Be7 13. O-O O-O 14. Kh1 Rac8 15. Rae1 Qb8 16. Bd2 Rfd8 17. g4 Nh7 18. Qg2 Nhf8 19. f5 e5 20. Nde2 b5 21. axb5 axb5 22. g5 Bxg5 23. Bxg5 hxg5 24. Qxg5 Nh7 25. Qh4 b4 26. Rg1 Ndf6 27. Qh6 Kf8 28. Rxg7 Ke7 29. Nd1 Rf8 30. Ne3 Qa7 31. Ng3 Qd4 32. b3 Rc3 33. Kg2 Rfc8 34. Re2 Ba6 35. Bh5 Rf8 36. Re1 Qd2+ 37. Ne2 Qxe1 38. Nxc3 bxc3 39. Rxh7 Qd2+ 40. Kh3 Nxh7 41. Nd5+ Kd7 42. Qxh7 Bf1+ 43. Kh4 Qe1+ 44. Kg5 Qd2+ 45. Kf6 Qxh2 46. Qh6 Qh4+ 47. Kg7 Re8 48. Nf6+ Kd8 49. Nxe8 Kxe8 50. Bxf7+ Kd7 51. Qxh4 1-0


[Site "https://www.chess.com"]

[Event "Titled Tuesday Blitz April 11 Early 2023"]
[White "Durarbayli, Vasif"]
[Black "Andreikin, Dmitry"]
[WhiteFideId "13402935"]
[BlackFideId "4158814"]
[WhiteElo "2551"]
[BlackElo "2736"]
[Result "1-0"]
[Round "06"]
[TimeControl "180+2"]
[Date "2023.04.11"]
[WhiteClock "0:01:23"]
[BlackClock "0:01:31"]

1. e4 e6 2. d4 d5 3. e5 c5 4. c3 Nc6 5. Nf3 Bd7 6. Be2 Nge7 7. O-O Nf5 8. dxc5 Bxc5 9. Bd3 Nce7 10. Nbd2 h6 11. g4 Bxf2+ 12. Rxf2 Ne3 13. Qe2 Nxg4 14. Rg2 h5 15. h3 Nh6 16. Rxg7 Nef5 17. Rg5 Bc6 18. Nb3 Qb6+ 19. Nbd4 O-O-O 20. Kh2 Ng4+ 21. Kg2 Nge3+ 22. Bxe3 Nxe3+ 23. Qxe3 Qxb2+ 24. Qd2 Qxa1 25. Nb3 1-0


[Site "https://www.chess.com"]

[Event "Titled Tuesday Blitz April 11 Early 2023"]
[White "Firouzja, Alireza"]
[Black "Vakhlamov, Igor L."]
[WhiteFideId "12573981"]
[BlackFideId "24126748"]
[WhiteElo "2904"]
[BlackElo "2400"]
[Result "0-1"]
[Round "06"]
[TimeControl "180+2"]
[Date "2023.04.11"]
[WhiteClock "0:02:26"]
[BlackClock "0:01:32"]

1. e4 c5 2. Nf3 e6 3. d4 cxd4 4. Nxd4 Nf6 5. Nc3 Nc6 6. Ndb5 Bc5 7. Nd6+ Ke7 8. Nxc8+ Rxc8 9. Bd3 Qc7 10. O-O h5 11. h3 a6 12. Bg5 b5 13. Kh1 b4 14. Na4 Bd4 15. f4 e5 16. c3 bxc3 17. bxc3 Ba7 18. Bxa6 Rb8 19. Bc4 Be3 0-1


[Site "https://www.chess.com"]

[Event "Titled Tuesday Blitz April 11 Early 2023"]
[White "Aravindh, Chithambaram VR."]
[Black "Svane, Rasmus"]
[WhiteFideId "5072786"]
[BlackFideId "4657101"]
[WhiteElo "2596"]
[BlackElo "2597"]
[Result "1-0"]
[Round "06"]
[TimeControl "180+2"]
[Date "2023.04.11"]
[WhiteClock "0:00:05"]
[BlackClock "0:00:02"]

1. c4 Nf6 2. b3 e5 3. Bb2 Nc6 4. Nf3 e4 5. Nd4 Bc5 6. Nf5 O-O 7. e3 d5 8. cxd5 Qxd5 9. Ng3 Ne5 10. Nc3 Nd3+ 11. Bxd3 Qxd3 12. Rc1 Bb6 13. Na4 Nd5 14. Rc4 Rd8 15. Nxe4 Bxe3 16. Qf3 b5 17. Rc1 bxa4 18. fxe3 f5 19. Nc5 Qb5 20. Qg3 g6 21. Qe5 Kf7 22. h4 Nb4 23. Qf6+ Ke8 24. Qh8+ Ke7 25. Bf6+ Kf7 26. Qg7+ Ke8 27. Qe7# 1-0


[Site "https://www.chess.com"]

[Event "Titled Tuesday Blitz April 11 Early 2023"]
[White "Salinas Herrera, Pablo"]
[Black "Oparin, Grigoriy"]
[WhiteFideId "3407128"]
[BlackFideId "24125890"]
[WhiteElo "2546"]
[BlackElo "2647"]
[Result "0-1"]
[Round "06"]
[TimeControl "180+2"]
[Date "2023.04.11"]
[WhiteClock "0:00:07"]
[BlackClock "0:00:05"]

1. e4 e5 2. Nf3 Nc6 3. Bc4 Nf6 4. d3 Bc5 5. O-O d6 6. c3 a5 7. a4 O-O 8. h3 h6 9. Re1 Bb6 10. Nbd2 Be6 11. Bxe6 fxe6 12. Qb3 Qd7 13. Nf1 Nh5 14. Be3 Bxe3 15. Rxe3 Rf7 16. Rd1 Raf8 17. N1h2 Nf4 18. d4 exd4 19. cxd4 Nb4 20. Nf1 Kh8 21. Rd2 b5 22. axb5 Qxb5 23. Qd1 Qh5 24. Ng3 Qg6 25. Kh2 Qf6 26. Rc3 Qg6 27. Qa4 Ra8 28. Qb5 c6 29. Qa4 Rb7 30. Qd1 Qf7 31. Ra3 Rb5 32. Qc1 Rab8 33. Nh4 g5 34. Nf3 h5 35. e5 g4 36. Ng5 Qg6 37. h4 dxe5 38. dxe5 Nfd3 39. Qc4 Rd5 40. N3e4 Nxe5 41. Qc3 Re8 42. Nd6 Re7 43. Ndf7+ Rxf7 44. Nxf7+ Qxf7 45. Rxd5 Qf4+ 46. g3 Qxf2+ 47. Kh1 Qf1+ 48. Kh2 Qe2+ 49. Kg1 Nxd5 50. Qd4 Kg8 51. Qa7 Nf3+ 52. Rxf3 gxf3 53. Qb8+ Kf7 0-1


[Site "https://www.chess.com"]

[Event "Titled Tuesday Blitz April 11 Early 2023"]
[White "Kramnik, Vladimir"]
[Black "Lobanov, Sergei"]
[WhiteFideId "4101588"]
[BlackFideId "24183750"]
[WhiteElo "2712"]
[BlackElo "2489"]
[Result "1/2-1/2"]
[Round "06"]
[TimeControl "180+2"]
[Date "2023.04.11"]
[WhiteClock "0:00:06"]
[BlackClock "0:00:06"]

1. e4 e5 2. Nf3 Nc6 3. g3 Nf6 4. d3 Bc5 5. Bg2 d6 6. c3 O-O 7. O-O a6 8. Re1 Re8 9. b4 Ba7 10. a4 h6 11. Nbd2 b5 12. Nf1 Bb7 13. Be3 Bxe3 14. Nxe3 Ne7 15. Qb3 Qd7 16. Nh4 c5 17. axb5 axb5 18. Rad1 cxb4 19. Qxb4 d5 20. d4 Ra4 21. Qb2 exd4 22. e5 dxe3 23. exf6 exf2+ 24. Qxf2 Ng6 25. Rxe8+ Qxe8 26. Nf5 Qe5 27. fxg7 Qxc3 28. Nd6 Qc7 29. Nxb7 Qxb7 30. Bxd5 Qa7 31. Rf1 Qxf2+ 32. Rxf2 Ra7 33. Rf6 Kxg7 34. Rb6 Rd7 35. Bb3 Ne7 36. Rxb5 Ng6 37. Bc2 Re7 38. Kf2 Rc7 39. Bf5 Re7 40. Rb2 Re5 41. Bd3 Rd5 42. Be2 Rf5+ 43. Kg2 Re5 44. h4 Re7 45. Bf3 Rc7 46. h5 Ne5 47. Be2 Rc3 48. Kf2 Rc7 49. Rb6 Re7 50. Rd6 Nd7 51. g4 Nf6 52. Bf3 Ne4+ 53. Bxe4 Rxe4 54. Kf3 Ra4 55. Rd5 Ra3+ 56. Kf4 Ra4+ 57. Kf3 Ra3+ 58. Kf4 Ra4+ 59. Kf3 1/2-1/2


[Site "https://www.chess.com"]

[Event "Titled Tuesday Blitz April 11 Early 2023"]
[White "Cornette, Matthieu"]
[Black "Martinez Alcantara, Jose Eduardo"]
[WhiteFideId "620084"]
[BlackFideId "3805662"]
[WhiteElo "2478"]
[BlackElo "2711"]
[Result "1/2-1/2"]
[Round "06"]
[TimeControl "180+2"]
[Date "2023.04.11"]
[WhiteClock "0:00:42"]
[BlackClock "0:00:59"]

1. Nc3 Nf6 2. e4 d5 3. exd5 Nxd5 4. Bc4 Nxc3 5. Qf3 e6 6. dxc3 Nc6 7. Qg3 Qd6 8. Bf4 e5 9. Be3 Qg6 10. O-O-O Bf5 11. Nf3 Bxc2 12. Ng5 Bxd1 13. Bxf7+ Qxf7 14. Nxf7 Kxf7 15. Rxd1 Bd6 16. f4 Rhe8 17. fxe5 Nxe5 18. Bf4 Kg8 19. Kc2 Re7 20. Re1 Rae8 21. h3 a5 22. Re4 b6 23. Bxe5 Rxe5 24. Rxe5 Rxe5 25. Qf3 g6 26. a4 Rf5 27. Qe4 Kf7 28. Kd3 h5 29. g4 hxg4 30. hxg4 Re5 31. Qf3+ Kg7 32. Kc4 Rc5+ 33. Kd3 Re5 34. Kc4 Rc5+ 35. Kd3 Re5 1/2-1/2


[Site "https://www.chess.com"]

[Event "Titled Tuesday Blitz April 11 Early 2023"]
[White "Nguyen, Ngoc Truong Son"]
[Black "Flores, Diego"]
[WhiteFideId "12401110"]
[BlackFideId "108049"]
[WhiteElo "2556"]
[BlackElo "2613"]
[Result "1-0"]
[Round "06"]
[TimeControl "180+2"]
[Date "2023.04.11"]
[WhiteClock "0:01:28"]
[BlackClock "0:00:01"]

1. d4 Nf6 2. c4 c5 3. Nc3 cxd4 4. Qxd4 Nc6 5. Qd1 e6 6. g3 d5 7. cxd5 exd5 8. Bg2 d4 9. Ne4 Nxe4 10. Bxe4 Bb4+ 11. Bd2 O-O 12. Nf3 Qe7 13. Bxc6 bxc6 14. O-O Bxd2 15. Qxd2 c5 16. Rac1 Bb7 17. Rfe1 Rad8 18. Qg5 Qe4 19. Qxc5 d3 20. Rc4 Qe6 21. exd3 Qf6 22. Rf4 Qxb2 23. Rb4 Qa3 24. Ne5 Ba8 25. Nd7 Qxa2 26. Nxf8 Rxf8 27. Qxf8+ 1-0


[Site "https://www.chess.com"]

[Event "Titled Tuesday Blitz April 11 Early 2023"]
[White "Urazayev, Arystanbek"]
[Black "Indjic, Aleksandar"]
[WhiteFideId "13709810"]
[BlackFideId "911925"]
[WhiteElo "2449"]
[BlackElo "2614"]
[Result "1-0"]
[Round "06"]
[TimeControl "180+2"]
[Date "2023.04.11"]
[WhiteClock "0:00:06"]
[BlackClock "0:00:07"]

1. e4 e5 2. Nf3 Nc6 3. Bb5 Nf6 4. d3 Bc5 5. c3 O-O 6. O-O Re8 7. Nbd2 a6 8. Ba4 Ba7 9. h3 d6 10. Re1 h6 11. Nf1 b5 12. Bb3 Be6 13. Be3 Bxb3 14. axb3 Bxe3 15. Nxe3 Ne7 16. b4 c6 17. Nh4 a5 18. bxa5 Rxa5 19. Qf3 Qa8 20. Rxa5 Qxa5 21. Nef5 Nxf5 22. Nxf5 Re6 23. Qg3 Ne8 24. f4 Kh7 25. Rf1 Qa7+ 26. Kh1 g6 27. Ne3 exf4 28. Rxf4 Qe7 29. Rf3 Rf6 30. Qh4 Re6 31. Qf2 Kg7 32. Qg3 Qg5 33. Qf2 Rf6 34. Nf5+ Kh7 35. Nd4 Rxf3 36. Qxf3 Kg7 37. Nxc6 Qc1+ 38. Kh2 Qxb2 39. d4 Nf6 40. e5 dxe5 41. dxe5 Nh7 42. Nd8 Qb3 43. e6 Ng5 44. Qf4 fxe6 45. Qe5+ Kf8 46. h4 Nf7 47. Qf6 e5 48. Ne6+ Ke8 49. Ng7+ Kd7 50. Qxg6 Qd5 51. Qf5+ Kc7 52. Qf6 Nd6 53. Qxh6 e4 54. Qf4 Kc6 55. h5 Qf7 56. Qxf7 Nxf7 57. Kg3 Kd5 58. Kf4 Kc4 59. Kxe4 Kxc3 60. Ne6 b4 61. Nc5 Kc4 62. Nd3 b3 63. Nb2+ Kc3 64. Na4+ Kb4 65. Nb2 Kc3 66. Nd3 Ng5+ 67. Ke3 Nf7 68. g4 Kc2 69. Ne1+ Kc3 70. Nd3 Kc2 71. Kd4 Kd2 72. Nb2 Kc2 73. Na4 Kd2 74. Kd5 Ke3 75. Ke6 Nd8+ 76. Kf6 Nb7 77. h6 Nc5 78. Nb2 Kd2 79. h7 Kc3 80. h8=Q Kxb2 81. Ke7+ Ka2 82. Qa8+ Kb1 83. Qh1+ Ka2 84. Qa8+ Kb1 85. Qd5 1-0


[Site "https://www.chess.com"]

[Event "Titled Tuesday Blitz April 11 Early 2023"]
[White "Srihari L R"]
[Black "Grigoriants, Sergey"]
[WhiteFideId "46617116"]
[BlackFideId "4130804"]
[WhiteElo "2334"]
[BlackElo "2502"]
[Result "1-0"]
[Round "06"]
[TimeControl "180+2"]
[Date "2023.04.11"]
[WhiteClock "0:00:05"]
[BlackClock "0:00:04"]

1. d4 Nf6 2. Bg5 d5 3. Nd2 c5 4. e3 Nc6 5. Ngf3 cxd4 6. exd4 Bf5 7. c3 e6 8. Be2 Bd6 9. O-O h6 10. Bh4 O-O 11. Re1 Rb8 12. Bf1 Be7 13. Bg3 Rc8 14. Ne5 Nxe5 15. Bxe5 Bd6 16. Qb3 Bxe5 17. Rxe5 Ng4 18. Re2 Bd3 19. Ree1 Qh4 20. Nf3 Qxf2+ 21. Kh1 Ne3 22. Rxe3 Bxf1 23. Nh4 Bc4 24. Rf3 Qxh4 25. Qc2 Qe4 26. Qd2 Qe2 27. Qf4 Qxb2 28. Rg1 Qc2 29. Rg3 Kh7 30. Qe5 f6 31. Qxe6 Qe4 32. Qd7 Be2 33. Qxg7# 1-0


[Site "https://www.chess.com"]

[Event "Titled Tuesday Blitz April 11 Early 2023"]
[White "Xiong, Jeffery"]
[Black "Dehtiarov, Roman"]
[WhiteFideId "2047640"]
[BlackFideId "14186640"]
[WhiteElo "2726"]
[BlackElo "2189"]
[Result "1/2-1/2"]
[Round "06"]
[TimeControl "180+2"]
[Date "2023.04.11"]
[WhiteClock "0:01:59"]
[BlackClock "0:02:36"]

1. e4 e5 2. Nf3 Nc6 3. Nc3 Nf6 4. d4 exd4 5. Nxd4 Bb4 6. Nxc6 bxc6 7. Bd3 d5 8. exd5 cxd5 9. O-O O-O 10. h3 c6 11. Qf3 Re8 12. Bf4 Bd6 13. Rfe1 Bxf4 14. Qxf4 Be6 15. b3 Nd7 16. Ne2 Qf6 17. Qxf6 Nxf6 18. Nd4 Rac8 19. b4 Nd7 20. Rab1 c5 21. bxc5 Nxc5 22. Rb5 1/2-1/2


[Site "https://www.chess.com"]

[Event "Titled Tuesday Blitz April 11 Early 2023"]
[White "Terry, Renato"]
[Black "Ilkhomi, Jaloliddin"]
[WhiteFideId "3803457"]
[BlackFideId "14700948"]
[WhiteElo "2575"]
[BlackElo "2045"]
[Result "1-0"]
[Round "06"]
[TimeControl "180+2"]
[Date "2023.04.11"]
[WhiteClock "0:01:50"]
[BlackClock "0:01:43"]

1. Nf3 Nf6 2. e3 e6 3. b3 b6 4. Bb2 Bb7 5. Be2 d5 6. O-O Nbd7 7. c4 Bd6 8. Qc2 O-O 9. cxd5 exd5 10. Nd4 a6 11. Nf5 Ne5 12. d4 Ng6 13. Nxd6 Qxd6 14. Ba3 Qd7 15. Bxf8 Nxf8 16. Nd2 Ne6 17. b4 Rc8 18. Rac1 c5 19. bxc5 bxc5 20. dxc5 Rxc5 21. Qb2 Rxc1 22. Rxc1 d4 23. Nc4 dxe3 24. Nxe3 h6 25. Bf1 Nf4 26. Qe5 Ng6 27. Qb8+ Ne8 28. Rd1 Qc6 29. Rd8 Kf8 30. Nf5 Qe6 31. Rxe8+ Qxe8 32. Qxb7 Kg8 33. Qxa6 Qe1 34. Qe2 Qb1 35. Ne7+ Nxe7 36. Qxe7 Qxa2 37. g3 Qa8 38. Qe3 Qd5 39. Bd3 Qa8 40. Qe4 Qa1+ 41. Kg2 Kf8 42. Qb4+ Ke8 43. Bb5+ Kd8 44. Qd6+ Kc8 45. Ba6+ 1-0


[Site "https://www.chess.com"]

[Event "Titled Tuesday Blitz April 11 Early 2023"]
[White "Kollars, Dmitrij"]
[Black "Liyanage, Ranindu Dilshan"]
[WhiteFideId "12909572"]
[BlackFideId "9915834"]
[WhiteElo "2584"]
[BlackElo "2199"]
[Result "1-0"]
[Round "06"]
[TimeControl "180+2"]
[Date "2023.04.11"]
[WhiteClock "0:01:34"]
[BlackClock "0:00:26"]

1. d4 d5 2. Nf3 Nf6 3. c3 e6 4. Bf4 c5 5. e3 Bd6 6. Nbd2 O-O 7. Bd3 Bxf4 8. exf4 b6 9. Qe2 a5 10. O-O Ba6 11. Bxa6 Nxa6 12. Rfe1 Nb8 13. Rad1 Nc6 14. Qb5 Na7 15. Qd3 Qc7 16. Ne5 Nc6 17. Ndf3 cxd4 18. Nxc6 Qxc6 19. Nxd4 Qc7 20. g3 Rfd8 21. Re2 Qc4 22. f5 Qxd3 23. Rxd3 exf5 24. Nxf5 Kf8 25. Red2 Rd7 26. a4 Rad8 27. f3 Rc8 28. Ne3 Rcd8 29. Kf2 g6 30. h4 Ke7 31. g4 Ke6 32. g5 Ne8 33. Re2 Kd6 34. Rxd5+ Kc6 35. Rxd7 Rxd7 36. Ng4 Rd8 37. Ne5+ 1-0


[Site "https://www.chess.com"]

[Event "Titled Tuesday Blitz April 11 Early 2023"]
[White "Cherniaiev, Tykhon"]
[Black "Makarian, Rudik"]
[WhiteFideId "14182360"]
[BlackFideId "44105681"]
[WhiteElo "2450"]
[BlackElo "2430"]
[Result "1/2-1/2"]
[Round "06"]
[TimeControl "180+2"]
[Date "2023.04.11"]
[WhiteClock "0:00:08"]
[BlackClock "0:00:10"]

1. Nf3 Nf6 2. d4 c5 3. c4 e6 4. Nc3 d5 5. cxd5 Nxd5 6. g3 Nc6 7. Bg2 cxd4 8. Nxd4 Nxc3 9. bxc3 Nxd4 10. cxd4 Bb4+ 11. Bd2 Bxd2+ 12. Qxd2 O-O 13. O-O Rb8 14. Rac1 b6 15. d5 exd5 16. Qxd5 Be6 17. Qe5 Bxa2 18. Rfd1 Qf6 19. Qxf6 gxf6 20. Ra1 Be6 21. Rxa7 b5 22. Bd5 Rfd8 23. e4 b4 24. Kg2 f5 25. f3 fxe4 26. fxe4 b3 27. Raa1 Kf8 28. Rab1 Rb5 29. Rd3 Rdb8 30. Bxe6 fxe6 31. Rb2 Ke7 32. Kf3 h5 33. h4 Rb4 34. Ke3 Kf6 35. Rc3 R8b5 36. Kf3 Ke5 37. Rd3 Rb8 38. Rc3 Rf8+ 39. Kg2 Rfb8 40. Kf3 Kd4 41. Re3 Rf8+ 42. Ke2 Rfb8 43. Kf3 Kc4 44. g4 Rf8+ 45. Kg3 hxg4 46. Kxg4 e5 47. h5 Rb7 48. Re1 Kc3 49. Ree2 Rg8+ 50. Kh4 Rbg7 51. Rb1 Rg2 52. Re3+ Kd4 53. Rbxb3 Rh2+ 54. Rh3 Rxh3+ 55. Rxh3 Kxe4 56. h6 Kd4 57. Kh5 Rh8 58. Kg6 e4 59. h7 e3 60. Kg7 Rxh7+ 61. Kxh7 e2 62. Rh1 Ke3 63. Kg6 Kf2 64. Kf5 e1=Q 65. Rxe1 Kxe1 1/2-1/2


[Site "https://www.chess.com"]

[Event "Titled Tuesday Blitz April 11 Early 2023"]
[White "Movahed, Sina"]
[Black "Rohith Krishna S"]
[WhiteFideId "42520835"]
[BlackFideId "46617051"]
[WhiteElo "2225"]
[BlackElo "2270"]
[Result "1-0"]
[Round "06"]
[TimeControl "180+2"]
[Date "2023.04.11"]
[WhiteClock "0:01:05"]
[BlackClock "0:00:09"]

1. Nf3 Nc6 2. c4 e5 3. Nc3 f5 4. d3 Nf6 5. a3 a5 6. g3 Bc5 7. Bg2 d6 8. O-O O-O 9. e3 Kh8 10. d4 Bb6 11. Rb1 f4 12. c5 Ba7 13. dxe5 Nxe5 14. cxd6 Nxf3+ 15. Bxf3 fxe3 16. Bxe3 Bxe3 17. fxe3 cxd6 18. Qd4 Qe7 19. Rbd1 Bh3 20. Rf2 Rad8 21. Ne2 Ng4 22. Bxg4 Bxg4 23. Qxg4 Qxe3 24. Rf1 Rxf2 25. Rxf2 Re8 26. Nf4 Qb6 27. Kg2 Qc6+ 28. Qf3 Qc8 29. Qd5 Qd8 30. Qxb7 a4 31. Qc6 Re3 32. Qxa4 h6 33. Qc6 Qg5 34. a4 Qf5 35. b4 g5 36. Qa8+ Kh7 37. Qa7+ Kh8 38. Ng6+ 1-0


[Site "https://www.chess.com"]

[Event "Titled Tuesday Blitz April 11 Early 2023"]
[White "Wong, Yinn Long"]
[Black "Gholami Orimi, Mahdi"]
[WhiteFideId "5707684"]
[BlackFideId "12558486"]
[WhiteElo "2271"]
[BlackElo "2363"]
[Result "0-1"]
[Round "06"]
[TimeControl "180+2"]
[Date "2023.04.11"]
[WhiteClock "0:00:33"]
[BlackClock "0:01:10"]

1. e4 e5 2. Nf3 Nc6 3. Nc3 Nf6 4. h3 Bb4 5. Bd3 O-O 6. a3 Bxc3 7. dxc3 h6 8. c4 d6 9. O-O Nd7 10. Be3 a5 11. b3 b6 12. Re1 Nc5 13. Nh2 Bb7 14. Nf1 Ne7 15. Ng3 Kh7 16. f4 exf4 17. Bxf4 Ng6 18. Bd2 Ne5 19. Bf1 g6 20. Bc3 Qh4 21. Kh2 h5 22. Bxe5 dxe5 23. b4 Ne6 24. c5 Rad8 25. Qf3 Ng5 26. Qe3 Qf4 27. Kg1 h4 28. Qxf4 exf4 29. Ne2 f3 30. Nc3 Rd2 31. Rac1 f2+ 0-1


[Site "https://www.chess.com"]

[Event "Titled Tuesday Blitz April 11 Early 2023"]
[White "Corrales Jimenez, Fidel"]
[Black "Csonka, Balazs"]
[WhiteFideId "3506690"]
[BlackFideId "742910"]
[WhiteElo "2541"]
[BlackElo "2404"]
[Result "1-0"]
[Round "06"]
[TimeControl "180+2"]
[Date "2023.04.11"]
[WhiteClock "0:01:40"]
[BlackClock "0:00:02"]

1. e4 c6 2. d4 d5 3. e5 Bf5 4. h4 Qc7 5. Bd3 Bxd3 6. Qxd3 e6 7. Nf3 Qa5+ 8. Nbd2 c5 9. O-O c4 10. Qe2 Nc6 11. c3 Nge7 12. h5 h6 13. Nh4 Qd8 14. Qg4 Qd7 15. b3 b5 16. a4 b4 17. bxc4 bxc3 18. cxd5 exd5 19. Qxd7+ Kxd7 20. Ndf3 Rc8 21. Ba3 Na5 22. Rab1 Nec6 23. Bc1 Nb4 24. Nf5 c2 25. Rb2 Nd3 26. Ra2 Nb3 27. Be3 g6 28. N5h4 gxh5 29. Nf5 Ke6 30. Ng3 h4 31. Nh5 c1=Q 32. Bxc1 Rxc1 33. Rxc1 Nbxc1 34. Rc2 Kd7 35. Nf6+ Kd8 36. Nxh4 Be7 37. Nf5 Bxf6 38. exf6 Re8 39. Ne7 Kd7 40. g3 a5 41. Kg2 Nb3 42. Rc3 Ndc1 43. Nxd5 Rd8 44. Ne3 Ke8 45. d5 Rb8 46. Rc7 Ne2 47. Re7+ Kf8 48. Nf5 Nc5 49. Rxe2 1-0


[Site "https://www.chess.com"]

[Event "Titled Tuesday Blitz April 11 Early 2023"]
[White "Riff, Vincent"]
[Black "Mitrabha, Guha"]
[WhiteFideId "617776"]
[BlackFideId "5057000"]
[WhiteElo "2369"]
[BlackElo "2507"]
[Result "0-1"]
[Round "06"]
[TimeControl "180+2"]
[Date "2023.04.11"]
[WhiteClock "0:00:30"]
[BlackClock "0:01:19"]

1. e4 c6 2. Nf3 d5 3. d3 Nd7 4. Nbd2 e5 5. Be2 Bd6 6. O-O Ngf6 7. c3 O-O 8. Re1 Re8 9. Qc2 a5 10. Nf1 Nf8 11. Ng3 Ng6 12. a3 a4 13. Bf1 b5 14. exd5 cxd5 15. d4 e4 16. Ne5 Qb6 17. Nxg6 hxg6 18. b3 axb3 19. Qxb3 Bd7 20. Bg5 Qc6 21. Reb1 Ra5 22. Ne2 Rea8 23. Bc1 Nh5 24. h3 Kh7 25. Qd1 f5 26. Rb3 f4 27. Kh1 Rf8 28. Ng1 e3 29. Bd3 Bf5 30. Bxf5 Rxf5 31. fxe3 0-1


[Site "https://www.chess.com"]

[Event "Titled Tuesday Blitz April 11 Early 2023"]
[White "Kravtsiv, Martyn"]
[Black "Nazari, Arad"]
[WhiteFideId "14113147"]
[BlackFideId "12577324"]
[WhiteElo "2695"]
[BlackElo "2242"]
[Result "1-0"]
[Round "06"]
[TimeControl "180+2"]
[Date "2023.04.11"]
[WhiteClock "0:01:28"]
[BlackClock "0:00:02"]

1. e4 c5 2. Nf3 d6 3. Bb5+ Nd7 4. d4 cxd4 5. Qxd4 a6 6. Bxd7+ Bxd7 7. O-O e5 8. Qd3 Rc8 9. c4 b5 10. Na3 Qb6 11. Bd2 Nf6 12. Rac1 Be7 13. cxb5 Rxc1 14. Rxc1 axb5 15. Bb4 Ng4 16. Qd2 Nf6 17. Qd3 d5 18. Bxe7 dxe4 19. Qd6 Qxd6 20. Bxd6 exf3 21. gxf3 e4 22. fxe4 Nxe4 23. Bb4 f5 24. Nxb5 Kf7 25. Rc7 Nf6 26. Nd4 Rb8 27. Bc3 Ke8 28. Rc5 g6 29. Nxf5 Bxf5 30. Bxf6 Rb6 31. Bc3 Rd6 32. Re5+ Kd7 33. a4 Rd1+ 34. Re1 Ra1 35. Rxa1 1-0


[Site "https://www.chess.com"]

[Event "Titled Tuesday Blitz April 11 Early 2023"]
[White "Pranesh M"]
[Black "Zhu, Jiner"]
[WhiteFideId "35028600"]
[BlackFideId "8608059"]
[WhiteElo "2437"]
[BlackElo "2384"]
[Result "1-0"]
[Round "06"]
[TimeControl "180+2"]
[Date "2023.04.11"]
[WhiteClock "0:00:03"]
[BlackClock "0:00:02"]

1. e4 e5 2. Nf3 Nc6 3. Bc4 Bc5 4. c3 Nf6 5. d4 exd4 6. e5 d5 7. Bb5 Ne4 8. cxd4 Bb4+ 9. Nbd2 Bg4 10. Qa4 Bxd2+ 11. Nxd2 Nxd2 12. Bxd2 Bd7 13. h4 a6 14. Bxc6 Bxc6 15. Qa3 Qe7 16. Qg3 O-O-O 17. O-O Qe6 18. Rfc1 Rd7 19. Qxg7 Rdd8 20. Bg5 Rdg8 21. Qf6 h6 22. Qxe6+ fxe6 23. Bf6 Rh7 24. f3 Be8 25. Kf2 h5 26. Rg1 Rf8 27. Ke3 Bg6 28. g4 Rff7 29. Kf4 Rf8 30. Ke3 b6 31. a4 a5 32. Rg3 Kb7 33. gxh5 Bxh5 34. Rag1 c5 35. Rg7+ Rf7 36. Rxh7 Rxh7 37. Rg8 cxd4+ 38. Kxd4 Bxf3 39. Rd8 Rc7 40. b3 Rh7 41. Rd6 Bg4 42. Bd8 Kc8 43. Bxb6 Rxh4 44. Kc5 Rh3 45. Bxa5 Rxb3 46. Kc6 Kb8 47. Bb6 Rc3+ 48. Bc5 Kc8 49. a5 Be2 50. Rxe6 Kd8 51. Kd6 Bh5 52. Rh6 Be8 53. Rh8 1-0


[Site "https://www.chess.com"]

[Event "Titled Tuesday Blitz April 11 Early 2023"]
[White "EREBUNI91"]
[Black "Zakhartsov, Vladimir"]
[BlackFideId "4145097"]
[WhiteElo "2682"]
[BlackElo "2497"]
[Result "0-1"]
[Round "06"]
[TimeControl "180+2"]
[Date "2023.04.11"]
[WhiteClock "0:00:04"]
[BlackClock "0:00:05"]

1. e4 c5 2. Nc3 a6 3. Nge2 b5 4. g3 Bb7 5. Bg2 e6 6. d4 b4 7. Na4 cxd4 8. Nxd4 Nf6 9. Qe2 d6 10. O-O Qc7 11. Rd1 Nbd7 12. a3 bxa3 13. Rxa3 Be7 14. Rc3 Qa5 15. b3 O-O 16. Nc6 Bxc6 17. Rxc6 Rfc8 18. Rxc8+ Rxc8 19. Ba3 Ne8 20. Bf1 Rc6 21. Qd2 Qc7 22. c4 Qb8 23. Qe3 h6 24. f4 Bf8 25. Bg2 Rc8 26. h3 Nc5 27. Nxc5 dxc5 28. Bb2 Qb7 29. f5 Rb8 30. Rd3 Qe7 31. fxe6 Qxe6 32. e5 Nc7 33. Kh2 Qe8 34. Be4 Ne6 35. Qf2 a5 36. Bd5 a4 37. bxa4 Qxa4 38. Rf3 Qe8 39. h4 h5 40. Bc1 g6 41. Be3 Bg7 42. Bxc5 Bxe5 43. Qe3 Rb2+ 44. Kh3 Qc8 45. Rf2 Nxc5+ 46. Kg2 Rxf2+ 47. Qxf2 Qc7 48. Bxf7+ Qxf7 49. Qxc5 Qc7 50. Qd5+ Kg7 51. Qd3 Qc6+ 52. Kh2 Qd6 53. Qe4 Qd4 54. Qe2 Qxh4+ 55. Kg1 Qxg3+ 56. Kf1 Qh3+ 57. Ke1 Qh1+ 58. Kd2 Qh2 0-1


[Site "https://www.chess.com"]